cohdb
Replays
Latest Replays
All Replays
Popular Replays
Top Player Replays
Match Explorer
How It Works
Community
CoH3 Stats
Reddit
Sign in to upload your games and track your stats! →
Sign in with Steam
Match 44262111
Unlisted
Match 44262111
Overview
Messages
Build Orders
End
Construct Barracks
Selects Special Operations Battlegroup
Selects M29 Weasel Recon Vehicle
M29 Weasel Recon Vehicle
Riflemen Squad
Riflemen Squad
Riflemen Squad
Mechanized Support Center
Selects Smoke Screen
Grenade Package
Construct Motor Pool
Designate Forward Repair Station
Smoke Screen
LoopDloop
Willaguy
0
0
Comments
sign in to comment!
No comments posted yet!